Map: Romanticide LE

Players

maru - Winner!

  • Race: Terran Terran

HeroMarine

  • Race: Terran Terran

Event: DreamHack SC2 Masters 2021 Summer

VOD

Have the link to the VOD?

Description

Time

  • Played on: July 3, 2021, 9:53 a.m.
  • Length: 33:21

All games in this series

Show
View Real Time Build Order
Export as new Build Order

maru Terran - Winner!

Build Orders: Cyclone Opening 

Get SALT Encoding   

  12  0:00  SCV  
  13  0:12  SCV  
  14  0:17  Supply Depot  
  14  0:24  SCV  
  15  0:39  SCV  
  16  0:44  Barracks  
  16  0:45  Refinery  
  16  0:51  SCV  
  16  0:53  Refinery  
  17  1:03  SCV  
  18  1:15  SCV  
  19  1:30  Orbital Command  
  19  1:32  Reaper  
  20  1:38  Supply Depot  
  20  1:45  Factory  
  20  1:56  SCV  
  21  2:04  Reaper  
  21  2:08  SCV  
  23  2:20  Command Center  
  23  2:23  SCV  
  23  2:29  Factory Tech Lab  
  24  2:35  SCV  
  24  2:36  Barracks Reactor  
  25  2:41  Supply Depot  
  25  2:47  SCV  
  25  2:48  Cyclone  
  29  2:56  Starport  
  29  2:59  SCV  
  30  3:11  SCV  
  31  3:13  Marine  
  31  3:14  Marine  
  33  3:23  SCV  
  33  3:25  Siege Tank  
  35  3:31  Marine x2  
  35  3:34  Refinery, Orbital Command  
  37  3:36  Starport Tech Lab  
  37  3:40  SCV  
  38  3:50  Marine x2  
  38  3:53  SCV  
  41  3:59  SCV  
  41  4:00  Raven  
  44  4:05  SCV  
  45  4:13  Command Center  
  45  4:15  SCV  
  46  4:17  SCV  
  46  4:21  Supply Depot  
  47  4:26  Siege Tank  
  47  4:29  SCV  
  47  4:30  SCV  
  52  4:35  Refinery  
  52  4:37  Marine  
  52  4:38  Marine  
  54  4:41  Supply Depot  
  54  4:43  SCV x2  
  56  4:46  Raven  
  58  4:55  SCV x2  
  58  4:57  Marine x2  
  61  5:03  Siege Tank  
  63  5:07  SCV  
  63  5:08  SCV  
  65  5:16  Marine x2  
  65  5:19  SCV  
  65  5:21  SCV  
  69  5:26  Orbital Command  
  69  5:31  SCV  
  70  5:36  Siege Tank  
  70  5:38  SCV  
  70  5:41  Supply Depot, Viking x2  
  78  5:45  SCV  
  78  5:46  Stimpack, Marine  
  78  5:47  Orbital Command  
  80  5:54  SCV  
  81  6:03  SCV  
  82  6:06  SCV  
  83  6:11  Barracks  
  83  6:13  SCV, Barracks  
  83  6:14  Viking  
  83  6:15  SCV, Viking  
  89  6:18  SCV  
  89  6:22  Supply Depot x2  
  90  6:27  SCV  
  90  6:30  SCV  
  91  6:39  Engineering Bay  
  90  6:40  Engineering Bay  
  90  6:44  SCV, Viking  
  90  6:45  Viking, Supply Depot  
  95  6:47  Siege Tank  
  95  6:50  SCV x2  
  100  6:56  SCV  
  100  7:00  Barracks Reactor x2  
  101  7:01  Refinery  
  101  7:02  SCV x2, Refinery  
  101  7:03  Supply Depot  
  101  7:05  Marine  
  105  7:08  SCV, Terran Infantry Weapons Level 1, Terran Infantry Armor Level 1  
  105  7:14  SCV x2  
  107  7:20  SCV  
  108  7:24  Command Center  
  108  7:25  Combat Shield  
  108  7:26  SCV, Supply Depot  
  108  7:28  SCV  
  110  7:31  Sensor Tower  
  110  7:32  SCV, Siege Tank  
  114  7:38  SCV  
  114  7:40  Barracks  
  114  7:41  Barracks  
  114  7:42  Marine x4  
  119  7:45  Medivac x2  
  119  7:47  SCV  
  119  7:50  Supply Depot  
  124  7:52  Supply Depot x2  
  124  7:56  SCV  
  124  7:57  SCV  
  126  7:59  SCV  
  126  8:01  Marine x2  
  129  8:05  Armory  
  129  8:08  SCV  
  129  8:09  SCV  
  129  8:12  Marine x2, Supply Depot x2, Missile Turret, Siege Tank  
  136  8:17  Viking x2  
  140  8:23  Marine x3  
  143  8:29  Marine  
  143  8:34  Barracks Reactor x2, SCV  
  141  8:39  SCV x2, Factory  
  144  8:43  Marine x4  
  144  8:44  Siege Tank  
  144  8:47  Marine  
  144  8:48  SCV, Starport  
  153  8:49  Starport  
  153  8:58  Viking x2, Refinery  
  153  8:59  Refinery  
  153  9:00  Sensor Tower  
  157  9:03  Terran Vehicle Weapons Level 1  
  157  9:06  Terran Infantry Weapons Level 2  
  157  9:11  Terran Infantry Armor Level 2  
  157  9:13  SCV x3  
  160  9:18  Marine x8  
  160  9:19  Supply Depot  
  168  9:26  Planetary Fortress  
  168  9:29  Starport Tech Lab x2  
  168  9:32  Barracks Reactor  
  168  9:35  Missile Turret  
  168  9:37  Marine  
  169  9:41  Orbital Command  
  169  9:49  Viking x2, Raven  
  169  9:52  Marine x5  
  171  9:53  Marine x2  
  171  9:54  Siege Tank  
  161  10:01  SCV  
  161  10:04  Marine  
  157  10:09  Sensor Tower  
  157  10:10  Marine x6, Refinery, Command Center  
  157  10:13  Raven  
  165  10:15  SCV  
  165  10:17  SCV  
  165  10:18  SCV x2, Command Center  
  169  10:24  Corvid Reactor  
  169  10:26  Missile Turret  
  169  10:27  SCV  
  170  10:29  Armory  
  170  10:32  Medivac  
  170  10:33  Medivac  
  174  10:39  Raven  
  176  10:47  Marine x6  
  182  10:59  Viking  
  182  11:02  Viking  
  182  11:03  Viking  
  187  11:08  Sensor Tower  
  187  11:14  Missile Turret  
  187  11:15  Missile Turret  
  187  11:19  Terran Vehicle Weapons Level 2  
  187  11:20  Terran Vehicle And Ship Armor Level 1  
  187  11:31  Command Center  
  187  11:34  Siege Tank x2  
  187  11:36  Command Center  
  187  11:37  Orbital Command  
  193  11:41  Viking  
  193  11:46  Command Center  
  195  11:54  Refinery, Terran Infantry Armor Level 3, Terran Infantry Weapons Level 3  
  195  11:57  Refinery  
  195  12:00  Planetary Fortress  
  176  12:17  Viking x2, Raven x2  
  176  12:19  Marine x10  
  194  12:31  Starport x2  
  194  12:37  Marine x6  
  200  13:11  Fusion Core  
  200  13:14  Terran Ship Weapons Level 1  
  200  13:17  Sensor Tower  
  199  13:28  Starport Reactor, Starport Tech Lab  
  199  13:35  Terran Vehicle And Ship Armor Level 2  
  199  13:36  Orbital Command x2  
  199  13:40  Command Center  
  199  13:41  Command Center  
  197  13:58  Siege Tank x2, Marine x2  
  197  14:01  Marine, Refinery x2  
  197  14:02  Raven x2  
  198  14:17  Viking  
  198  14:19  Command Center  
  198  14:22  Command Center  
  200  14:26  Orbital Command  
  200  14:27  Sensor Tower  
  191  15:03  Viking x2  
  191  15:04  Viking x2  
  195  15:21  Viking x2  
  199  15:46  Terran Ship Weapons Level 2  
  199  16:03  Viking x2  
  189  16:05  Battlecruiser x3  
  189  16:10  Planetary Fortress  
  199  16:11  Neosteel Armor  
  199  16:12  Hi-Sec Auto Tracking  
  199  16:14  Refinery  
  199  16:15  Refinery  
  196  16:19  Planetary Fortress  
  196  16:22  Marine x4  
  192  16:44  Orbital Command  
  192  16:46  Marine, Starport x2, Siege Tank  
  179  16:47  Marine x6  
  179  16:50  Refinery, Starport  
  179  16:51  Marine, Refinery, Siege Tank  
  179  16:52  Marine x2  
  191  16:58  Terran Vehicle And Ship Armor Level 3  
  191  17:03  Marine  
  192  17:09  Battlecruiser  
  192  17:15  Weapon Refit  
  195  17:18  Siege Tank  
  195  17:21  Sensor Tower  
  198  17:22  Missile Turret  
  198  17:23  Missile Turret  
  198  17:26  Sensor Tower x2  
  198  17:29  Raven  
  200  17:32  Starport Tech Lab  
  200  17:36  Starport Reactor, Starport Tech Lab  
  200  17:50  Command Center  
  196  18:26  Battlecruiser  
  194  18:27  Viking x2  
  197  18:40  Battlecruiser x2  
  182  18:53  Viking, Battlecruiser x2  
  182  18:54  Viking  
  182  18:55  Rapid Reignition System  
  198  18:58  Orbital Command  
  198  19:16  Viking  
  200  19:20  Missile Turret  
  200  19:23  Missile Turret  
  200  19:24  Missile Turret  
  200  19:25  Missile Turret x2  
  200  19:27  Missile Turret  
  200  19:35  Terran Ship Weapons Level 3  
  200  19:36  Terran Vehicle Weapons Level 3  
  200  19:40  Unknown  
  200  19:52  Advanced Ballistics  
  200  19:56  Missile Turret  
  200  19:57  Missile Turret x3  
  200  20:22  Missile Turret  
  200  20:23  Missile Turret  
  200  20:25  Orbital Command  
  200  20:30  Command Center  
  200  20:51  Sensor Tower  
  200  21:03  Starport  
  200  21:07  Orbital Command  
  196  21:55  Starport Tech Lab  
  185  22:14  Raven  
  185  22:15  Viking x3, Raven x3  
  191  22:16  Viking x2  
  199  22:23  Command Center  
  199  22:25  Missile Turret  
  199  22:26  Missile Turret  
  199  22:29  Sensor Tower  
  199  22:41  Viking x3  
  193  22:48  Viking x2  
  193  22:51  Viking  
  195  22:57  Planetary Fortress  
  195  23:00  Refinery  
  195  23:03  Command Center x2, Raven x2  
  199  23:41  Planetary Fortress  
  199  23:54  Command Center  
  199  24:17  Viking x2  
  197  24:18  Viking x3  
  197  24:21  Viking x2  
  197  24:27  Siege Tank  
  200  24:34  Orbital Command  
  194  25:06  Planetary Fortress  
  194  25:09  Siege Tank x2  
  187  25:51  Viking  
  187  25:52  Viking  
  187  25:53  Viking x2  
  187  25:54  Viking  
  187  26:01  Marine x5  
  187  26:02  Marine x5  
  187  26:03  Battlecruiser x3  
  187  26:04  Viking  
  191  26:19  Marine  
  191  26:20  Marine  
  191  26:21  Marine x2  
  194  26:31  Viking x3  
  190  26:50  Viking  
  190  26:51  Viking  
  181  26:58  Marine x9  
  181  26:59  Marine  
  195  27:07  Orbital Command  
  195  27:16  Marine x4  
  195  27:21  Marine x2  
  195  27:22  Raven x2  
  171  27:23  Viking x2, Raven  
  171  27:24  Marine  
  171  27:25  Marine x3, Siege Tank x2  
  195  27:34  Marine x4  
  197  27:39  Marine x2  
  197  27:42  Marine x2  
  198  27:51  Marine  
  198  27:52  Marine  
  198  27:57  Siege Tank  
  200  27:58  Starport  
  200  27:59  Starport x2  
  200  28:00  Starport  
  200  28:01  Starport  
  200  28:04  Starport  
  173  28:14  Marine  
  151  28:20  Viking  
  151  28:23  Marine  
  151  28:24  Marine x4  
  151  28:25  Viking x5  
  149  28:36  Factory  
  149  28:41  Viking x6, Refinery  
  154  28:42  Refinery  
  154  28:45  Marine  
  156  28:51  Barracks  
  156  28:52  Barracks x2  
  156  28:53  Barracks  
  156  28:54  Barracks  
  154  28:58  Barracks  
  154  28:59  Raven  
  147  29:11  Viking x6  
  159  29:39  Marine x3  
  159  29:40  Viking  
  159  29:41  Viking  
  166  29:51  Factory Tech Lab  
  166  29:53  Marine x3  
  166  29:55  Viking  
  166  29:56  Marine  
  166  29:57  Marine x2  
  174  30:09  Supply Depot  
  174  30:10  Supply Depot  
  174  30:11  Marine x3  
  177  30:14  Marine  
  178  30:21  Supply Depot  
  178  30:22  Supply Depot  
  178  30:32  Marine  
  179  30:41  Marine  
  179  30:43  Marine x4  
  179  30:47  Orbital Command  
  179  30:49  Marine  
  172  30:59  Marine  
  172  31:00  Marine x3  
  176  31:05  Marine  
  176  31:07  Marine  
  175  31:12  Viking x2  
  175  31:15  Siege Tank  
  175  31:17  Marine  
  179  31:54  Marine  
  180  31:57  Supply Depot  
  180  32:09  Orbital Command  
  180  32:15  Siege Tank  
  183  32:19  Marine x3  
  186  32:30  Marine x3  
  189  32:46  Marine x3  
  189  32:47  Marine  
Show
View Real Time Build Order
Export as new Build Order

HeroMarine Terran 

Build Orders:  

Get SALT Encoding   

  12  0:00  SCV  
  13  0:12  SCV  
  14  0:17  Supply Depot  
  14  0:24  SCV  
  15  0:38  SCV  
  15  0:40  Barracks  
  16  0:43  Refinery  
  16  0:51  SCV  
  16  0:52  Refinery  
  17  1:03  SCV  
  18  1:15  SCV  
  19  1:27  Reaper, Orbital Command  
  19  1:29  Supply Depot  
  20  1:42  Factory  
  20  1:53  SCV  
  21  1:59  Reaper  
  22  2:05  SCV  
  23  2:17  SCV  
  24  2:22  Command Center  
  24  2:29  Hellion  
  26  2:30  SCV  
  26  2:33  Reaper  
  28  2:40  Supply Depot  
  28  2:42  SCV  
  29  2:50  Hellion  
  31  2:57  Starport  
  31  3:02  SCV  
  32  3:06  Barracks Tech Lab  
  32  3:14  SCV  
  32  3:17  Factory Tech Lab  
  30  3:26  SCV  
  30  3:37  Orbital Command, Cyclone  
  30  3:38  SCV  
  30  3:40  Refinery  
  34  3:45  Raven  
  36  3:50  SCV  
  37  4:02  SCV  
  38  4:03  SCV  
  38  4:09  Cyclone  
  42  4:14  SCV  
  42  4:15  SCV  
  44  4:20  Command Center  
  44  4:26  SCV  
  44  4:27  SCV  
  44  4:29  Raven  
  48  4:32  Supply Depot  
  48  4:38  SCV  
  48  4:39  SCV  
  48  4:40  Barracks Reactor  
  50  4:49  Siege Tank  
  50  4:51  SCV  
  54  4:54  SCV  
  54  4:55  Supply Depot  
  55  5:03  SCV  
  55  5:06  SCV  
  55  5:15  SCV  
  55  5:18  SCV, Refinery  
  57  5:25  Marine, Viking x2  
  57  5:27  SCV  
  57  5:28  Siege Tank  
  66  5:30  SCV, Supply Depot  
  66  5:33  Orbital Command  
  67  5:39  SCV  
  67  5:40  Stimpack  
  69  5:42  SCV  
  69  5:43  Marine  
  69  5:48  Orbital Command  
  70  5:51  SCV  
  70  5:54  SCV  
  70  5:55  Viking x2  
  76  5:58  Supply Depot  
  76  6:03  SCV  
  75  6:06  Siege Tank  
  75  6:07  SCV  
  75  6:09  Marine  
  80  6:15  SCV  
  81  6:19  SCV  
  81  6:21  SCV  
  81  6:22  Engineering Bay  
  83  6:26  Engineering Bay  
  83  6:27  SCV  
  83  6:28  Viking x2  
  83  6:29  Marine  
  83  6:31  SCV  
  90  6:33  SCV  
  90  6:39  SCV  
  92  6:43  SCV  
  92  6:44  Barracks x2  
  92  6:45  SCV  
  94  6:50  Terran Infantry Weapons Level 1  
  94  6:51  Barracks  
  94  6:52  SCV, Terran Infantry Armor Level 1, Barracks  
  95  6:55  SCV, Siege Tank  
  95  6:58  SCV, Supply Depot  
  95  7:01  Supply Depot  
  100  7:03  Supply Depot  
  100  7:04  SCV  
  100  7:07  Refinery  
  101  7:09  Refinery  
  101  7:14  Sensor Tower  
  101  7:19  Viking  
  101  7:20  SCV x3, Viking  
  108  7:23  Marine  
  108  7:29  Supply Depot  
  109  7:31  Barracks Reactor x2  
  109  7:32  SCV x3  
  112  7:38  Barracks Reactor  
  112  7:40  Command Center  
  112  7:44  Barracks Reactor, SCV  
  113  7:47  SCV, Marine, Armory  
  113  7:48  SCV  
  116  7:54  Siege Tank  
  116  7:56  SCV, Medivac x2  
  124  8:00  Supply Depot x2  
  124  8:06  Marine  
  124  8:10  Marine  
  124  8:11  Marine x3, Combat Shield  
  124  8:12  Supply Depot  
  128  8:15  Marine x2  
  130  8:22  Marine x2  
  130  8:23  Marine  
  132  8:28  Marine x2  
  132  8:29  Marine x2  
  132  8:32  Siege Tank, Medivac x2  
  132  8:33  Marine x2  
  145  8:40  Marine x2  
  147  8:41  Marine  
  147  8:44  Starport  
  147  8:45  Starport  
  147  8:46  Marine x3  
  147  8:47  Marine  
  152  8:50  SCV x3  
  152  8:51  Marine x2  
  157  8:57  Marine  
  157  8:58  Marine  
  157  8:59  Marine  
  157  9:01  Refinery  
  160  9:03  SCV  
  160  9:04  SCV x2, Marine x4  
  160  9:05  Refinery  
  160  9:08  Terran Infantry Weapons Level 2, Marine, Terran Infantry Armor Level 2  
  162  9:11  Viking x2  
  162  9:17  Marine x4  
  166  9:21  Planetary Fortress  
  166  9:22  Marine x2  
  172  9:28  Marine x3, Supply Depot, Starport Tech Lab  
  172  9:29  Supply Depot  
  172  9:30  Starport Tech Lab  
  175  9:34  Siege Tank, Supply Depot, Marine  
  179  9:42  Marine  
  180  9:50  Marine x3  
  180  9:51  SCV x2  
  180  9:52  SCV, Marine x2  
  180  9:58  SCV  
  179  10:00  Marine  
  179  10:03  SCV x2, Viking x2  
  179  10:04  SCV, Raven x2  
  188  10:07  Armory  
  188  10:12  Sensor Tower  
  188  10:14  Supply Depot  
  188  10:20  Corvid Reactor  
  188  10:24  Marine  
  188  10:25  Marine  
  188  10:27  Marine x2, Barracks  
  188  10:28  Barracks  
  192  10:29  Marine x4, Barracks  
  192  10:33  Marine  
  197  10:42  Command Center  
  197  10:44  Command Center  
  200  10:50  Siege Tank  
  200  11:08  Raven  
  200  11:09  Raven  
  199  11:18  Command Center  
  199  11:19  Terran Vehicle Weapons Level 1  
  199  11:20  Armory  
  199  11:25  Terran Infantry Armor Level 3, Terran Infantry Weapons Level 3  
  199  11:27  Viking x2  
  199  11:29  Barracks Reactor x2  
  199  11:30  Barracks Reactor  
  196  11:51  Raven x2  
  196  11:54  Command Center  
  200  11:56  Factory  
  200  11:59  Barracks Reactor  
  195  12:16  Terran Vehicle And Ship Armor Level 1  
  195  12:19  Siege Tank  
  198  12:23  Command Center  
  198  12:26  Command Center  
  198  12:27  Command Center  
  197  12:31  Starport  
  197  12:32  Orbital Command, Starport  
  197  12:34  Raven  
  199  12:41  Refinery  
  199  12:51  Siege Tank, Planetary Fortress  
  200  12:53  Refinery  
  198  12:59  Command Center  
  198  13:00  Viking  
  198  13:02  Missile Turret  
  200  13:12  Starport Reactor, Starport Tech Lab  
  200  13:14  Terran Vehicle Weapons Level 2  
  200  13:21  Sensor Tower  
  200  13:22  Siege Tank, Planetary Fortress  
  200  13:32  Refinery x2, Viking x2  
  200  13:33  Missile Turret  
  200  13:35  Sensor Tower  
  200  13:37  Orbital Command, Missile Turret x2  
  200  13:42  Missile Turret  
  199  13:54  Marine  
  199  13:55  Marine  
  198  13:58  Marine  
  198  13:59  Marine  
  119  14:02  Neosteel Armor, Hi-Sec Auto Tracking  
  197  14:03  Orbital Command  
  197  14:04  Orbital Command  
  197  14:06  Raven x2  
  199  14:17  Orbital Command  
  199  14:21  Command Center  
  198  14:40  Starport  
  198  14:44  Command Center  
  198  14:55  Missile Turret, Command Center  
  186  15:09  Terran Vehicle And Ship Armor Level 2  
  186  15:10  Raven x2  
  186  15:11  Raven  
  186  15:12  Viking x2  
  186  15:13  Viking x2  
  186  15:14  Missile Turret  
  199  15:16  Missile Turret  
  199  15:17  Sensor Tower, Missile Turret  
  199  15:20  Marine x2  
  199  15:32  Marine  
  200  15:47  Terran Vehicle Weapons Level 3  
  197  15:50  Siege Tank, Marine x2  
  197  15:52  Marine x2  
  196  16:03  Viking  
  196  16:04  Viking x2  
  178  16:05  Raven x2  
  178  16:07  Raven  
  178  16:08  Siege Tank, Viking  
  178  16:09  Starport Tech Lab  
  178  16:10  Orbital Command  
  178  16:11  Marine x4  
  183  16:12  Marine x4  
  183  16:13  Marine x2  
  191  16:18  Orbital Command  
  191  16:19  Marine  
  191  16:20  Marine  
  191  16:22  Siege Tank  
  191  16:25  Marine x2  
  195  16:28  Marine  
  177  16:43  Marine x2  
  177  16:44  Marine x5  
  177  16:45  Raven  
  177  16:46  Viking x2  
  175  16:47  Raven  
  175  16:48  Raven  
  175  16:49  Siege Tank  
  175  16:53  Orbital Command  
  185  17:01  Siege Tank  
  185  17:06  Viking x2  
  189  17:08  Viking  
  191  17:19  Missile Turret  
  191  17:20  Missile Turret  
  191  17:21  Siege Tank  
  194  17:26  Marine x2  
  194  17:27  Marine x2  
  194  17:29  Marine x2  
  200  17:47  Missile Turret  
  200  17:48  Sensor Tower  
  200  17:52  Unknown  
  200  18:05  Missile Turret x2  
  200  18:06  Missile Turret x3  
  200  18:07  Missile Turret  
  200  18:08  Missile Turret  
  200  18:11  Missile Turret  
  200  18:17  Missile Turret  
  191  18:28  Missile Turret  
  171  18:49  Marine x2  
  171  18:51  Viking x3  
  171  18:52  Viking  
  171  18:53  Siege Tank x2  
  177  18:55  Raven x2  
  177  18:56  Raven x2  
  177  18:57  Terran Ship Weapons Level 1  
  177  18:58  Terran Vehicle And Ship Armor Level 3  
  177  18:59  Marine x10  
  177  19:00  Marine x4  
  197  19:07  Marine x2  
  197  19:17  Marine x3  
  196  19:40  Raven x2  
  198  19:48  Marine  
  198  19:49  Marine  
  200  20:06  Missile Turret  
  200  20:07  Missile Turret  
  200  20:08  Missile Turret  
  200  20:09  Missile Turret  
  200  20:10  Missile Turret  
  191  20:22  Raven  
  191  20:23  Raven x2  
  191  20:26  Missile Turret  
  195  20:29  Missile Turret  
  195  20:31  Missile Turret  
  195  20:34  Viking x2  
  197  20:36  Viking  
  197  20:37  Viking  
  199  20:52  Marine  
  200  20:57  Terran Ship Weapons Level 2  
  200  20:59  Orbital Command  
  200  21:06  Missile Turret  
  200  21:07  Missile Turret  
  196  21:28  Viking x2  
  185  22:11  Viking, Raven x4  
  185  22:12  Viking x3  
  185  22:13  Marine x8  
  185  22:14  Marine x3  
  185  22:15  Marine  
  196  22:19  Marine x2  
  193  22:30  Sensor Tower  
  193  22:41  Viking  
  185  22:46  Viking x2  
  185  22:47  Viking  
  178  22:54  Raven x3  
  178  22:57  Siege Tank x2  
  178  22:58  Raven  
  193  23:14  Terran Ship Weapons Level 3  
  191  23:38  Viking x2  
  191  23:39  Viking x2, Raven x2  
  191  23:40  Raven  
  191  23:41  Raven  
  193  24:20  Viking  
  193  24:21  Viking x2  
  193  24:22  Viking x2  
  197  24:24  Siege Tank  
  185  24:52  Orbital Command, Fusion Core  
  179  24:55  Marine x2  
  179  24:57  Siege Tank x2  
  179  24:59  Raven x2  
  189  25:00  Raven x2  
  189  25:03  Viking x2  
  189  25:04  Marine  
  200  25:21  Command Center  
  198  25:42  Raven  
  168  26:00  Viking x4, Raven  
  168  26:01  Raven x2  
  174  26:05  Marine x3  
  174  26:09  Marine x2  
  174  26:10  Marine  
  174  26:11  Marine  
  172  26:13  Marine x2  
  164  26:25  Marine, Raven  
  166  26:26  Marine x6  
  170  26:43  Marine, Raven x2  
  170  26:44  Marine, Raven  
  167  27:08  Raven  
  164  27:20  Viking x2  
  163  27:26  Raven x2  
  163  27:27  Marine x6  
  173  27:31  Marine  
  173  27:35  Marine x2  
  176  27:48  Marine  
  176  27:49  Marine  
  178  27:53  Viking  
  178  27:54  Viking  
  178  27:55  Marine x2  
  178  27:56  Marine  
  169  28:15  Viking  
  169  28:19  Marine x2  
  144  28:20  Marine  
  141  28:52  Orbital Command  
  141  29:00  Marine  
  139  29:04  Marine  
  140  29:20  Raven  
  142  29:32  Missile Turret x2  
  113  30:54  SCV  
  113  30:55  SCV  
  104  31:38  Orbital Command  
  104  31:39  SCV x4  
  108  31:42  Barracks  
  108  31:45  Barracks  
  108  31:46  Barracks  
  108  31:51  SCV x4  
  102  32:03  SCV x4  
  102  32:04  SCV  
  107  32:15  SCV x3  
  110  32:17  SCV  
  111  32:25  Orbital Command  
  111  32:27  SCV x3  
  111  32:29  SCV  
  115  32:30  Sensor Tower  
  115  32:32  Factory  
  114  32:39  SCV x2  
  117  32:49  Missile Turret  
  117  32:50  Missile Turret  
Tags
 
Add a new tag
Caveats
  • Supply blocks, unpowered buildings, or Contaminate may cause inaccurate times.
  • Supply counts are checked every 10 seconds.